 Dungeon Crawl Stone Soup version 0.30-a0-756-gc2185399d4 (webtiles) character file.

Game seed: 11656588048569743700

133 kae the Digger (level 5, -1/28 HPs)
             Began as a Gargoyle Earth Elementalist on Feb 9, 2023.
             Slain by an iguana (9 damage)
             ... on level 4 of the Dungeon.
             The game lasted 00:01:32 (2033 turns).

kae the Digger (Gargoyle Earth Elementalist)        Turns: 2033, Time: 00:01:32

Health: -1/28      AC:  6    Str: 10    XL:     5   Next: 16%
Magic:  0/9        EV: 12    Int: 15    God:
Gold:   99         SH:  0    Dex: 18    Spells: 3/9 levels left

rFire   + . .      SeeInvis .    (no weapon)
rCold   . . .      Faith    .    (no shield)
rNeg    + . .      Spirit   .    a - +0 robe
rPois   ∞          Reflect  .    (no helmet)
rElec   +          Harm     .    (no cloak)
rCorr   +          Rampage  .    (no gloves)
Will    .....      Rage     9%   (no boots)
Stlth   ++                       (no amulet)
HPRegen 0.24/turn                F - ring of protection from fire
MPRegen 0.11/turn                R - ring of resist corrosion

@: no status effects
A: sickness immunity, AC +4, negative energy resistance 1, electricity
resistance, torment resistance 1, petrification resistance, agile 2, berserk 2
a: no special abilities


You were on level 4 of the Dungeon.
You visited 1 branch of the dungeon, and saw 4 of its levels.

You collected 99 gold pieces.


Innate Abilities, Weirdness & Mutations

You are immune to sickness and miasma.
Your stone body is resilient. (AC +4)
You are immune to poison.
You resist negative energy. (rN+)
You are resistant to electric shocks. (rElec)
You are resistant to unholy torment.
You are immune to petrification.
You are very agile. (Dex +8, Str/Int -2)
You have an uncontrollable temper.


   Skills:
 - Level 1.5 Dodging
 - Level 2.1 Stealth
 + Level 2.9 Spellcasting
 * Level 2.2 Conjurations
 - Level 0.7 Transmutations
 * Level 5.5 Earth Magic


You had 3 spell levels left.
You knew the following spells:

 Your Spells              Type           Power      Damage    Failure   Level
a - Sandblast             Erth           36%        2d10      2%          1
b - Stone Arrow           Conj/Erth      26%        3d8       12%         3
c - Passwall              Tmut/Erth      9%         N/A       9%          2

Your spell library contained the following spells:

 Spells                   Type           Power      Damage    Failure   Level
 Sting                    Tmut/Pois      12%        1d3       17%         1
 Poisonous Vapours        Pois/Air       4%         N/A       30%         2
 Ozocubu's Armour         Ice            2%         N/A       52%         3
 Petrify                  Tmut/Erth      11%        N/A       50%         4
 Olgreb's Toxic Radiance  Pois           2%         N/A       90%         4
 Irradiate                Conj/Tmut      3%         3d12      97%         5
 Blade Hands              Tmut           2%         N/A       99%         5
 Dragon Form              Tmut           2%         N/A       100%        7
 Ozocubu's Refrigeration  Ice            1%         4d7       100%        7
 Chain Lightning          Conj/Air       2%         3d3       100%        9
 Fire Storm               Conj/Fire      2%         8d1       100%        9
 Shatter                  Erth           9%         3d11*     100%        9

Inventory:

Missiles
 d - 48 stones
Armour
 a - a +0 robe (worn)
Jewellery
 F - a ring of protection from fire (left hand)
   (You found it on level 1 of the Dungeon)
 R - a ring of resist corrosion (right hand)
   (You found it on level 3 of the Dungeon)
Scrolls
 c - a scroll of enchant armour {unknown}
 f - a scroll of butterflies {unknown}
 h - a scroll of magic mapping {unknown}
 i - a scroll of amnesia {unknown}
 j - a scroll of torment {unknown}
 m - a scroll of fog {unknown}
 n - 2 scrolls of identify {unknown}
 q - a scroll of enchant weapon {unknown}
Potions
 b - a potion of magic
 e - a potion of flight {unknown}
 k - 2 potions of curing {unknown}
 l - 2 potions of haste {unknown}
 o - a potion of might {unknown}
 p - a potion of cancellation {unknown}

Dungeon Overview and Level Annotations

Branches:
Dungeon (4/15) Zot: 21919
 Temple: D:4-7

Altars:
Elyvilon

#.#.....##
#.##.....#
.########.########
..........## .
###......#
..########.#
.#...#####.#
..J.....##.#
....##.l@.#
#......# ##....##
#.........#
####......#
....##### #.##.#
.. .. . ...


You could see an iguana and an endoplasm (wandering).


Message History

Press: ? - help, Shift-Dir - straight line, f - hound
Aim: a hound (76% to hit)
The blast of sand hits the hound! 😎 MP[-1]
You lost 1 mp, and now have 4/8 mp.
Casting: Sandblast (safe; 1% risk of failure)
Confirm with . or Enter, or press ? or * to list all spells.
Aiming: Sandblast (safe; 1% risk of failure)
Press: ? - help, Shift-Dir - straight line, f/p - hound
Aim: a hound (heavily wounded, 76% to hit)
The blast of sand hits the hound!
You kill the hound!
Your Conjurations skill increases to level 2!
You have reached level 5! 😎 HP[+4] MP[-1]
You now have 28 max hp (+4).
Your hp is fully restored (28).
An adder is nearby!
An adder is nearby! 😎 MP[+2]
You regained 2 mp, and now have 5/9 mp.
An adder is nearby!
An adder is nearby!
Casting: Sandblast (safe; 1% risk of failure)
Confirm with . or Enter, or press ? or * to list all spells.
Aiming: Sandblast (safe; 1% risk of failure)
Press: ? - help, Shift-Dir - straight line, f - adder
Aim: an adder (wandering, hasn't noticed you, 72% to hit)
The blast of sand hits the adder!
The adder hisses angrily. 😎 MP[-1]
You lost 1 mp, and now have 4/9 mp.
Casting: Sandblast (safe; 1% risk of failure)
Confirm with . or Enter, or press ? or * to list all spells.
Aiming: Sandblast (safe; 1% risk of failure)
Press: ? - help, Shift-Dir - straight line, f/p - adder
Aim: an adder (severely wounded, 72% to hit)
The blast of sand hits the adder!
You kill the adder!
An iguana comes into view.
An iguana is nearby! 😎 MP[-1]
You lost 1 mp, and now have 3/9 mp.
Casting: Sandblast (safe; 1% risk of failure)
Confirm with . or Enter, or press ? or * to list all spells.
You can't see any susceptible monsters within range! (Use Z to cast anyway.)
An iguana is nearby!
An iguana is nearby!
Casting: Sandblast (safe; 1% risk of failure)
Confirm with . or Enter, or press ? or * to list all spells.
Aiming: Sandblast (safe; 1% risk of failure)
Press: ? - help, Shift-Dir - straight line, f - iguana
Aim: an iguana (85% to hit)
The blast of sand hits the iguana. 😎 MP[-1]
You lost 1 mp, and now have 2/9 mp.
Casting: Sandblast (safe; 1% risk of failure)
Confirm with . or Enter, or press ? or * to list all spells.
Aiming: Sandblast (safe; 1% risk of failure)
Press: ? - help, Shift-Dir - straight line, f/p - iguana
Aim: an iguana (moderately wounded, 85% to hit)
The blast of sand hits the iguana but does no damage.
The iguana bites you. 😕 HP[-6]
You take 6 damage, and now have 22/28 hp.
MASSIVE DAMAGE!! (PAUSE)
Casting: Sandblast (safe; 1% risk of failure)
Confirm with . or Enter, or press ? or * to list all spells.
Aiming: Sandblast (safe; 1% risk of failure)
Press: ? - help, Shift-Dir - straight line, f/p - iguana
Aim: an iguana (moderately wounded, 85% to hit)
The blast of sand hits the iguana.
The iguana hisses menacingly.
The iguana bites you!
* * * LOW HITPOINT WARNING * * *
😨 HP[-10] MP[-1]
You take 10 damage, and now have 12/28 hp.
MASSIVE DAMAGE!! (PAUSE)
You lost 1 mp, and now have 1/9 mp.
Casting: Sandblast (safe; 1% risk of failure)
Confirm with . or Enter, or press ? or * to list all spells.
Aiming: Sandblast (safe; 1% risk of failure)
Press: ? - help, Shift-Dir - straight line, f/p - iguana
Aim: an iguana (heavily wounded, 85% to hit)
The blast of sand hits the iguana but does no damage.
An endoplasm comes into view.
The iguana closely misses you. The iguana bites you.
* * * LOW HITPOINT WARNING * * *
The endoplasm moves out of view. 😨 HP[-4] MP[-1]
You take 4 damage, and now have 8/28 hp.
You lost 1 mp, and now have 0/9 mp.
Unknown command.
Okay, then.
It was a potion of mutation.
You feel extremely strange.
You feel a little pissed off.
You feel agile.
You feel extremely angry at everything!
You feel agile. The iguana barely misses you.
You see here a hound corpse.
The iguana attacks as you move away! The iguana bites you!
You die...

Skill      XL: |  1  2  3  4 |
---------------+-------------+-----
Earth Magic    | 4 5 |  5.5
Conjurations   | 1 2 |  2.2
Dodging        | |  1.5
Stealth        | |  2.1
Spellcasting   | |  2.9
Transmutations | |  0.7

Action                     |  1- 3 |  4- 6 || total
---------------------------+-------+-------++-------
  Melee: Unarmed           |    11 |    10 ||    21
   Cast: Sandblast         |    39 |    36 ||    75
    Use: Scroll            |     1 |       ||     1
         Potion            |       |     1 ||     1
 Armour: Robe              |     8 |    11 ||    19
  Dodge: Dodged            |    11 |    17 ||    28

Levels and vault maps discovered:
D:1:      heliophobic_arrival_henge, layout_rooms,
          hellmonk_ecumenical_altar_defaced_shrine, serial_rivers,
          chequers_serial_rivers_room_b, chequers_serial_rivers_small_3,
          chequers_serial_rivers_marsh, chequers_serial_rivers_micro_d,
          chequers_serial_rivers_room_a, chequers_serial_rivers_marsh
D:2:      layout_rooms, minmay_pentomino_w2
D:3:      layout_rooms, marbit_many_paths
D:4:      minmay_chambers_of_threes, layout_rooms,
          gammafunk_temple_overflow_elements, uniq_crazy_yiuf_cottage

Notes
Turn   | Place    | Note
-------+----------+-------------------------------------------
     0 | D:1      | kae the Gargoyle Earth Elementalist began the quest for the
                  | Orb.
     0 | D:1      | Reached XP level 1. HP: 10/10 MP: 3/3
     0 | D:1      | magus.rc [v1.11.3]
    83 | D:1      | Reached skill level 4 in Earth Magic
    86 | D:1      | Reached XP level 2. HP: 14/15 MP: 0/5
   588 | D:1      | Reached XP level 3. HP: 19/19 MP: 4/6
   592 | D:1      | Learned a level 3 spell: Stone Arrow
   595 | D:1      | Learned a level 2 spell: Passwall
   621 | D:1      | Found a faded altar of an unknown god.
   956 | D:2      | You add the spells Sting, Poisonous Vapours and Olgreb's
                  | Toxic Radiance to your library.
  1224 | D:3      | Reached skill level 1 in Conjurations
  1251 | D:3      | Reached skill level 5 in Earth Magic
  1251 | D:3      | Reached XP level 4. HP: 24/24 MP: 5/8
  1488 | D:3      | You pick up a book of Annihilations and begin reading...
  1488 | D:3      | You add the spells Chain Lightning, Fire Storm and Shatter
                  | to your library.
  1555 | D:3      | You pick up a book of Transfigurations and begin reading...
  1555 | D:3      | You add the spells Irradiate, Blade Hands and Dragon Form
                  | to your library.
  1556 | D:3      | Identified the +3 spear "Efican" {heavy, *Noise rN+ rCorr
                  | Str+6 Int-5}
  1818 | D:3      | Found a white marble altar of Elyvilon.
  1947 | D:4      | You add the spells Ozocubu's Armour and Ozocubu's
                  | Refrigeration to your library.
  2010 | D:4      | Reached skill level 2 in Conjurations
  2010 | D:4      | Reached XP level 5. HP: 28/28 MP: 3/9
  2030 | D:4      | Gained mutation: You sometimes lose your temper in combat.
                  | [potion of mutation]
  2030 | D:4      | Gained mutation: You are agile. (Dex +4, Str/Int -1)
                  | [potion of mutation]
  2030 | D:4      | Gained mutation: You have an uncontrollable temper. [potion
                  | of mutation]
  2030 | D:4      | Gained mutation: You are very agile. (Dex +8, Str/Int -2)
                  | [potion of mutation]
  2033 | D:4      | Slain by an iguana

Vanquished Creatures
  A hound (D:4)
  4 adders
  3 worms
  4 dart slugs
  An orc (D:3)
  4 ball pythons
  3 endoplasms
  2 giant cockroaches
  5 goblins (D:1)
  7 hobgoblins
  3 jackals (D:4)
  4 quokkas
  3 bats
  2 frilled lizards
  A kobold (D:2)
  2 rats
49 creatures vanquished.

Table legend:
 A = Non-vault XP
 B = Vault XP
 C = Vault XP percentage of total XP
 D = Non-vault monster count
 E = Vault monster count
 F = Vault count percentage of total count
                 A         B        C        D         E       F
            +---------+---------+-------+---------+---------+-------
      Total |     176 |      15 |   7.9 |      44 |       5 |  10.2
            +---------+---------+-------+---------+---------+-------
        D:1 |      32 |       8 |  20.0 |      16 |       2 |  11.1
        D:2 |      19 |       6 |  24.0 |      10 |       2 |  16.7
        D:3 |      48 |       1 |   2.0 |      11 |       1 |   8.3
        D:4 |      77 |       0 |   0.0 |       7 |       0 |   0.0
            +---------+---------+-------+---------+---------+-------

Illustrated notes

Table legend:
 A = Kills in this place as a percentage of kills in entire the game.
 B = Kills by you in this place as a percentage of kills by you in the entire game.
 C = Kills by friends in this place as a percentage of kills by friends in the entire game.
 D = Other kills in this place as a percentage of other kills in the entire game.
 E = Experience gained in this place as a percentage of experience gained in the entire game.
 F = Experience gained in this place divided by the number of levels of this place that you have seen.
                   A       B       C       D       E      F
               +-------+-------+-------+-------+-------+----------------------
         Total | 100.0 | 100.0 |   N/A |   N/A | 100.0 |  47.8
       Dungeon | 100.0 | 100.0 |   N/A |   N/A | 100.0 |  47.8
               +-------+-------+-------+-------+-------+----------------------

Table legend: (Time is in decaauts)
 A = Elapsed time spent in this place.
 B = Non-inter-level travel time spent in this place.
 C = Inter-level travel time spent in this place.
 D = Time resting spent in this place.
 E = Time spent auto-exploring this place.
 F = Levels seen in this place.
 G = Mean time per level.
                   A        B        C        D        E       F      G
               +--------+--------+--------+--------+--------+-----+--------+
         Total |   2080 |   2020 |     60 |     10 |   1697 |   4 |  520.0 |
       Dungeon |   2080 |   2020 |     60 |     10 |   1697 |   4 |  520.0 |
               +--------+--------+--------+--------+--------+-----+--------+

Top non-repeatable levels by time:
     D:1: 744 daAuts
     D:3: 722 daAuts
     D:2: 497 daAuts
     D:4: 116 daAuts
